 Dungeon Crawl Stone Soup version 0.30-a0-459-g9104f0fc43 (webtiles) character file.

Game seed: 1227219428748145744

387 Ijustatesigmund the Trooper (level 7, -1/79 HPs)
             Began as a Djinni Fire Elementalist on Dec 15, 2022.
             Slain by a killer bee zombie (3 damage)
             ... in an ossuary.
             The game lasted 00:07:37 (3791 turns).

Ijustatesigmund the Trooper (DjFE)                  Turns: 3791, Time: 00:07:38

Health: -1/79      AC: 23    Str:  4 (7)  XL:     7   Next: 6%
Gold:   164        EV:  2    Int: 17 (18) God:
                   SH:  0    Dex: 12 (14)

rFire   . . .      SeeInvis .    d - +2 whip (flame)
rCold   . . .      Faith    .    (no shield)
rNeg    . . .      Spirit   .    (body armour currently unavailable)
rPois   ∞          Reflect  .    (helmet currently unavailable)
rElec   .          Harm     .    (cloak currently unavailable)
rCorr   .          Rampage  .    (gloves currently unavailable)
Will    .....      NoTele   +    (boots unavailable)
Stlth   ++........               (no amulet)
HPRegen 0.33/turn                (no ring)
MPRegen 0.00/turn                (no ring)

@: tree-form
A: stationary, stasis, torment immunity, boosted hp, sickness immunity, (fire
resistance 2), (cold vulnerability 1), float, innate caster, HP casting, extra
vitality 1
a: no special abilities


You were in an ossuary.
You were a tree.
You visited 1 branch of the dungeon, and saw 4 of its levels.
You also visited: Ossuary.

You collected 164 gold pieces.

Inventory:

Hand Weapons
 d - a +2 whip of flaming (weapon)
Armour
 a - a +0 robe (melded)
Wands
 m - a wand of polymorph (4)
Scrolls
 c - 4 scrolls of teleportation
 l - a scroll of fear
Potions
 b - a potion of mutation
 e - a potion of cancellation
 f - a potion of resistance {unknown}
 k - a potion of curing {unknown}
 n - a potion of heal wounds {unknown}


   Skills:
 + Level 4.5 Fighting
 - Level 2.1 Dodging
 - Level 1.5 Stealth
 + Level 4.3 Spellcasting


You couldn't memorise any spells.
You knew the following spells:

 Your Spells              Type           Power      Damage    Failure   Level
a - Foxfire               Conj/Fire      72%        2x1d7     2%          1
b - Scorch                Fire           36%        2d7       3%          2
c - Kindle Blastsparks    Fire/Tloc/Air  36%        2d13      8%          3
d - Inner Flame           Hex/Fire       18%        N/A       8%          3
e - Flame Wave            Conj/Fire      18%        2d7       26%         4
f - Shock                 Conj/Air       72%        1d7       2%          1
g - Blink                 Tloc           36%        N/A       3%          2
h - Hailstorm             Conj/Ice       18%        3d6       8%          3
Your spell library was empty.

Dungeon Overview and Level Annotations

Branches:
Dungeon (4/15)            Ossuary (1/1)
 Temple: D:4-7

Altars:
Ru
Trog


Innate Abilities, Weirdness & Mutations

You are a tree.
Your roots penetrate the ground, keeping you stationary.
You cannot be teleported.
You are immune to unholy pain and torment.
Your maximum health is greatly increased.
Your equipment is partially melded.
You are immune to sickness and miasma.
You are immune to poison.
((Your flesh is very heat resistant. (rF++)))
((You are vulnerable to cold. (rC-)))
You float through the air rather than walking.
You learn spells naturally, not from books.
Your magical power is your life essence.
You have superior vitality. (+4 MHP)


Message History

The killer bee zombie misses you. The bullfrog zombie hits you.
The killer bee zombie hits you. The mummy barely misses you.
Casting: Scorch (safe; 3% risk of failure)
Confirm with . or Enter, or press ? or * to list all spells.
Flames lash the killer bee zombie.
The killer bee zombie is moderately damaged.
The killer bee zombie's fire resistance burns away.
The killer bee zombie hits you.
The killer bee zombie barely misses you.
The killer bee zombie misses you.
A bullfrog zombie comes into view.
The mummy hits you.
* * * LOW HITPOINT WARNING * * *
The killer bee zombie hits you.
* * * LOW HITPOINT WARNING * * *
Really quaff the potion of lignification?
You turn into a tree.
Your +0 robe melds into your body.
Your roots penetrate the ground.
The killer bee zombie hits you but does no damage.
The mummy hits you.
* * * LOW HITPOINT WARNING * * *
The killer bee zombie barely misses you.
The mummy hits you but does no damage.
You hit the killer bee zombie. You burn the killer bee zombie.
The killer bee zombie is heavily damaged.
The mummy is no longer more vulnerable to fire.
The killer bee zombie hits you but does no damage.
You hit the killer bee zombie. You burn the killer bee zombie.
The killer bee zombie is almost destroyed.
The killer bee zombie is no longer more vulnerable to fire.
The killer bee zombie hits you but does no damage. x2
The mummy hits you.
* * * LOW HITPOINT WARNING * * *
The mummy hits you!
* * * LOW HITPOINT WARNING * * *
It was a potion of degeneration.
There was something very wrong with that liquid.
You feel weakened.
You feel dopey.
You feel clumsy. The killer bee zombie hits you.
You die...

#.' +.#
#.+ #.##
+.'
#####.###
#∩..#ZZ.#
#.∩.MM###
#...#♣Z.#
#####.###
M.......+
#+#'#+#+#


You could see 2 mummies, 2 bullfrog zombies and a killer bee zombie.

Vanquished Creatures
  The ghost of alexxx the Chiller, an amateur MfIE (D:3)
  An orc wizard (D:4)
  Ijyb (D:3)
  Natasha (thrice) (D:3)
  3 mummies
  3 adders
  14 dart slugs
  3 orcs
  6 endoplasms
  6 giant cockroaches
  4 goblins (D:3)
  6 hobgoblins
  14 jackals
  5 quokkas
  9 ball pythons
  4 bats
  4 frilled lizards
  4 kobolds
  3 rats
94 creatures vanquished.

Vanquished Creatures (others)
  257 foxfires
  A withered plant (Ossuary)
258 creatures vanquished.

Grand Total: 352 creatures vanquished

Notes
Turn   | Place    | Note
-------+----------+-------------------------------------------
     0 | D:1      | Ijustatesigmund the Djinni Fire Elementalist began the
                  | quest for the Orb.
     0 | D:1      | Ijustatesigmund set off with the following spells
                  | memorised: Foxfire, Scorch, Kindle Blastsparks, Inner
                  | Flame, Flame Wave.
     0 | D:1      | Reached XP level 1. HP: 15/15 MP: 0/0
   101 | D:1      | Reached XP level 2. HP: 19/22 MP: 0/0
   144 | D:1      | Reached skill level 1 in Fighting
   326 | D:1      | Reached XP level 3. HP: 24/27 MP: 0/0
   326 | D:1      | Learned a level 1 spell: Shock
  1061 | D:2      | Reached XP level 4. HP: 14/33 MP: 0/0
  1155 | D:2      | Found a faded altar of an unknown god.
  1299 | D:2      | You are sucked into a shaft and drop 1 floor!
  1907 | D:3      | Reached XP level 5. HP: 39/40 MP: 0/0
  1907 | D:3      | Learned a level 2 spell: Blink
  2076 | D:3      | Found a runed translucent door.
  2080 | D:3      | Noticed alexxx's ghost (amateur MfIE)
  2092 | D:3      | Killed alexxx's ghost
  2093 | D:3      | Reached XP level 6. HP: 13/46 MP: 0/0
  2232 | D:3      | Identified the +5 rapier of Imminent Death {protect, rPois
                  | rF- Will+ Int+9}
  2358 | D:3      | Noticed Ijyb
  2374 | D:3      | Killed Ijyb
  2843 | D:3      | Noticed Natasha
  2848 | D:3      | Killed Natasha
  3037 | D:3      | Noticed Natasha
  3058 | D:3      | Killed Natasha
  3232 | D:3      | Noticed Natasha
  3235 | D:3      | Killed Natasha
  3550 | D:4      | Found a bloodstained altar of Trog.
  3550 | D:4      | Found a sacrificial altar of Ru.
  3658 | D:4      | Found a sand-covered staircase.
  3758 | Ossuary  | Entered an ossuary
  3768 | Ossuary  | Reached XP level 7. HP: 48/53 MP: 0/0
  3768 | Ossuary  | Learned a level 3 spell: Hailstorm
  3790 | Ossuary  | HP: 2/79 [mummy (10)]
  3791 | Ossuary  | Slain by a killer bee zombie

Illustrated notes

Levels and vault maps discovered:
D:1:      psy_arrival_conway, layout_basic, minmay_misc_feat_nine_boxes
D:2:      layout_rooms, shapermc_ecumenical_altar_acropolis,
          serial_corexii_hall, corexii_hall_statues_x,
          chequers_hall_statues_wall_a, minmay_misc_feat_ornament
D:3:      kennysheep_slugbush, layout_basic, ebering_ghost_sewer_d,
          uniq_natasha, uniq_ijyb
D:4:      layout_loops_corners, grunt_temple_overflow_opulence,
          gammafunk_temple_overflow_pools, nicolae_ossuary_entry_giza
Ossuary:  ossuary_zaba_flooded

Skill      XL: |  1  2  3  4  5  6 |
---------------+-------------------+-----
Fighting       | 1 2 3 4 |  4.5
Spellcasting   | 3 4 |  4.3
Dodging        | |  2.1
Stealth        | |  1.5

Action                   |  1- 3 |  4- 6 |  7- 9 || total
-------------------------+-------+-------+-------++-------
Melee: Whip              |       |     4 |     2 ||     6
 Cast: Foxfire           |    75 |    71 |     1 ||   147
       Scorch            |     7 |    43 |     7 ||    57
       Shock             |       |    23 |       ||    23
       Blink             |       |     2 |       ||     2
  Use: Scroll            |     4 |     6 |       ||    10
       Potion            |       |     1 |     2 ||     3
Armor: Robe              |     8 |    14 |     1 ||    23
       Skin              |       |     9 |     5 ||    14
Dodge: Dodged            |    14 |    28 |    10 ||    52

Table legend: (Time is in decaauts)
 A = Elapsed time spent in this place.
 B = Non-inter-level travel time spent in this place.
 C = Inter-level travel time spent in this place.
 D = Time resting spent in this place.
 E = Time spent auto-exploring this place.
 F = Levels seen in this place.
 G = Mean time per level.
                   A        B        C        D        E       F      G
               +--------+--------+--------+--------+--------+-----+--------+
         Total |   3791 |   3674 |    117 |    754 |   2277 |   5 |  758.2 |
       Dungeon |   3758 |   3641 |    117 |    754 |   2274 |   4 |  939.5 |
       Ossuary |     33 |     33 |      0 |      0 |      3 |   1 |   33.0 |
               +--------+--------+--------+--------+--------+-----+--------+

Top non-repeatable levels by time:
     D:3: 1794 daAuts
     D:1: 881 daAuts
     D:2: 729 daAuts
     D:4: 353 daAuts
 Ossuary: 33 daAuts
